 Dungeon Crawl Stone Soup version 0.31-a0-859-g9dce7d3444 (webtiles) character file.

Game seed: 9709615514131895622

30 Kurtz the Sneak (level 3, -11/34 HPs)
             Began as a Naga Delver on Oct 9, 2023.
             Mangled by a wight
             ... wielding a +2 great sword of freezing
              (16 damage)
             ... on level 3 of the Dungeon.
             The game lasted 00:00:49 (197 turns).

Kurtz the Sneak (Naga Delver)                        Turns: 197, Time: 00:00:50

Health: -11/34     AC:  2    Str: 14    XL:     3   Next: 18%
Magic:  3/3        EV:  9    Int: 10    God:
Gold:   0          SH:  0    Dex: 14    Spells: 2/2 levels left

rFire   . . .        a - +0 hand axe
rCold   . . .        (no shield)
rNeg    . . .        b - +0 leather armour
rPois   +            (no helmet)
rElec   .            (no cloak)
rCorr   .            (no gloves)
SInv    +            (no barding)
Will    .....        (no amulet)
Stlth   +++          (no ring)
HPRegen 0.25/turn    (no ring)
MPRegen 0.08/turn

%: no passive effects
@: hasted, quick
A: AC +1, large, see invisible, deformed body, poison resistance, slowness 2,
spit poison 1, naga tail 1
a: Spit Poison


You were on level 3 of the Dungeon.
You visited 1 branch of the dungeon, and saw 3 of its levels.

Inventory:

Hand Weapons
 a - a +0 hand axe (weapon)
Armour
 b - a +0 leather armour (worn)
Wands
 g - a wand of digging (3)
Scrolls
 c - a scroll of fog
 d - a scroll of revelation


   Skills:
 - Level 3.0 Fighting
 * Level 3.5 Axes
 - Level 1.5 Dodging
 - Level 7.2 Stealth


You had 2 spell levels left.
You didn't know any spells.
Your spell library was empty.

Dungeon Overview and Level Annotations

Branches:
Dungeon (5/15)
 Temple: D:4-7

Altars:

Annotations:
D:3 exclusion: adder


Innate Abilities, Weirdness & Mutations

Your serpentine skin is tough. (AC +1)
You have supernaturally acute eyesight. (SInv)
Armour fits poorly on your strangely shaped body.
Your system is resistant to poisons. (rPois)
You cover ground very slowly.
You can spit poison.
You have a snake-like lower body.


Message History

The goblin attacks as it pursues you! The goblin hits you but does no damage.
The goblin barely misses you.
An adder comes into view.
Found 12 gold pieces.
The adder hisses angrily.
The adder bites you. The adder bites you but does no damage.
A worm comes into view.
Found a mace.
The adder bites you. The goblin hits you but does no damage.
The adder bites you.
An adder comes into view.
The adder hisses angrily.
The adder closely misses you. The adder attacks as it pursues you!
The adder bites you. The adder barely misses you.
The goblin hits you with a +0 dagger. The adder attacks as it pursues you!
The adder bites you. x2
The adder bites you but does no damage. The adder bites you but does no damage.
The adder attacks as it pursues you! The adder bites you but does no damage.
The goblin attacks as it pursues you! The goblin hits you but does no damage.
The adder bites you. The adder closely misses you.
Found 10 gold pieces.
Found a stone staircase leading down.
The adder closely misses you. The goblin hits you but does no damage.
The adder attacks as it pursues you! The adder bites you.
The adder bites you but does no damage. The adder attacks as it pursues you!
The adder bites you.
* * * LOW HITPOINT WARNING * * *
You are poisoned.
The adder poisons you! The adder bites you.
* * * LOW HITPOINT WARNING * * *
As you read the scroll of fear, it crumbles to dust.
You assume a fearsome visage.
The adder looks frightened!
The wight is unaffected.
The adder looks frightened!
The goblin looks frightened!
You feel sick.
You feel sick.
You feel sick.
Found a book of Misfortune.
You feel sick.
You are no longer poisoned.
You feel yourself speed up.
The wight hits you with a +2 great sword of freezing!
You die...

........#.##.#
.......###...# #.#
###.#.#.#.#### #.#
#.#.##.## #.#
#.#.##z# #.######
#.#.##.# #####......#
#.#.##.###...#......#
#.....z....#........#
##########...#@.....#
.........##zz..:.#
#.#.###..##..#.....
#.z##..#######
#..##........#
#..#...#####.#
#....#.......
#.$....#####.
#...#)..##


You could see 2 wights.

Vanquished Creatures
  A hound (D:5)
1 creature vanquished.

Notes
Turn   | Place    | Note
-------+----------+-------------------------------------------
     0 | D:5      | Kurtz the Naga Delver began the quest for the Orb.
     0 | D:5      | Reached XP level 1. HP: 21/21 MP: 1/1
     3 | D:5      | Noticed an orc wizard
    32 | D:5      | Noticed a hound
    33 | D:5      | Noticed a jelly
    39 | D:5      | Killed a hound
    40 | D:5      | Reached XP level 2. HP: 18/28 MP: 2/2
    40 | D:5      | Reached XP level 3. HP: 21/34 MP: 3/3
   153 | D:3      | Noticed a wight
   155 | D:3      | Noticed a wight
   168 | D:3      | Noticed a wight
   170 | D:3      | Noticed a wight
   197 | D:3      | Mangled by a wight

Illustrated notes

Levels and vault maps discovered:
D:3:      layout_loops_ring, minmay_misc_feat_five, minmay_misc_feat_doors,
          st_stairs_10, uniq_natasha
D:4:      layout_cave_pods, minmay_temple_entry_glassed_door,
          serial_column_ruins, column_ruins_columns_straight,
          column_ruins_open_tiny, column_ruins_columns_straight
D:5:      layout_cave_pools, jmf_multi_god_temple

Skill      XL: |  1 |
---------------+----+-----
Axes           | 3 |  3.5
Fighting       | |  3.0
Dodging        | |  1.5
Stealth        | |  7.2

Action                     || total
---------------------------++-------
  Melee: Hand axe          ||     3
Ability: Spit Poison       ||     2
    Use: Scroll            ||     1
         Potion            ||     1
 Armour: Leather armour    ||    31
  Dodge: Dodged            ||    11

Table legend: (Time is in decaauts)
 A = Elapsed time spent in this place.
 B = Non-inter-level travel time spent in this place.
 C = Inter-level travel time spent in this place.
 D = Time resting spent in this place.
 E = Time spent auto-exploring this place.
 F = Levels seen in this place.
 G = Mean time per level.
                   A        B        C        D        E       F      G
               +--------+--------+--------+--------+--------+-----+--------+
         Total |    255 |    245 |     10 |     41 |     57 |   3 |   85.0 |
       Dungeon |    255 |    245 |     10 |     41 |     57 |   3 |   85.0 |
               +--------+--------+--------+--------+--------+-----+--------+

Top non-repeatable levels by time:
     D:3: 127 daAuts
     D:5: 119 daAuts
     D:4: 8 daAuts
